 Dungeon Crawl Stone Soup version 0.25-a0-510-ge065f6de7d (webtiles) character file.

Game seed: 7648705817763606275, levelgen mode: deterministic

109326 drasked the Executioner (level 16, -5/238 HPs)
             Began as a Minotaur Berserker on Feb 15, 2020.
             Was a High Priest of Trog.
             Slain by a hellwing (9 damage)
             ... summoned by an orc high priest
             ... on level 2 of the Orcish Mines.
             The game lasted 01:14:33 (29329 turns).

drasked the Executioner (Minotaur Berserker)       Turns: 29329, Time: 01:14:34

Health: -5/238     AC: 11    Str: 32    XL:     16   Next: 4%
Magic:  15/15      EV: 10    Int:  5    God:    Trog [*****.]
Gold:   2078       SH:  0    Dex: 14    Spells: 15/15 levels left

rFire    + . .     SeeInvis .   x - +8 battleaxe "Qitenlocy" {vorpal, rPois rF+ Int-2}
rCold    + + .     Gourm    .   (shield currently unavailable)
rNeg     + . .     Faith    .   M - +2 chain mail {MR+} {MR+}
rPois    +         Spirit   .   (helmet restricted)
rElec    .         Reflect  .   v - +1 cloak {rC+} {rC+}
rCorr    .         Harm     .   C - +0 pair of gloves
MR       ++++.                  J - +1 pair of boots of Qazlal's Regard {rN+ Slay+2}
Stlth    ..........             L - amulet of Piqir {Acrobat rPois Str+3 Dex+2}
HPRegen  1.49/turn              I - ring of protection from cold {rC+, !d}
MPRegen  0.14/turn              u - +3 ring of protection

@: berserking, corroded, regenerating, very quick
A: retaliatory headbutt, horns 2
a: Berserk, Trog's Hand, Brothers in Arms, Renounce Religion


You were on level 2 of the Orcish Mines.
You worshipped Trog.
Trog was extremely pleased with you.
You were hungry.

You visited 3 branches of the dungeon, and saw 23 of its levels.
You also visited: Sewer and Ice Cave.

You collected 2183 gold pieces.
You spent 105 gold pieces at shops.

Inventory:

Hand Weapons
 b - a +3 war axe of flaming
   (You took it off an orc on level 3 of the Dungeon)
 c - a +4 executioner's axe of electrocution
   (You found it in an ice cave)
 x - the +8 battleaxe "Qitenlocy" (weapon) {vorpal, rPois rF+ Int-2}
   (Trog gifted it to you on level 5 of the Lair of Beasts)

   It inflicts extra damage upon your enemies.
   It affects your intelligence (-2).
   It protects you from fire.
   It protects you from poison.
 y - a +3 battleaxe of flaming
   (Trog gifted it to you on level 6 of the Lair of Beasts)
Armour
 k - the cursed +0 leather armour of Ukuuvu Yfis {rPois rN+ Int-4, unknown}
   (You found it on level 3 of the Lair of Beasts)

   It affects your intelligence (-4).
   It protects you from poison.
   It protects you from negative energy.
   If you switch to wearing this armour, your AC will decrease by 10 (11 -> 1).
   It has a curse placed upon it.
 v - a +1 cloak of cold resistance (worn) {rC+}
   (You found it in an ice cave)
 C - a +0 pair of gloves (worn)
   (You found it on level 6 of the Dungeon)
 J - the +1 pair of boots of Qazlal's Regard (worn) {rN+ Slay+2}
   (You found it in an ice cave)

   It affects your accuracy and damage with ranged weapons and melee attacks
   (+2).
   It protects you from negative energy.
   If you remove this armour, your AC will decrease by 3 (11 -> 8).
 M - a +2 chain mail of magic resistance (worn) {MR+}
   (You took it off an orc warrior on level 6 of the Dungeon)
Jewellery
 u - a +3 ring of protection (right hand)
   (You found it on level 1 of the Dungeon)
 G - the ring of Neoqi {Ice rPois Str-2 Int+3 Slay+3}
   (You found it on level 7 of the Dungeon)

   [ring of ice]

   It enhances your ice magic.
   It affects your strength (-2).
   It affects your intelligence (+3).
   It affects your accuracy and damage with ranged weapons and melee attacks
   (+3).
   It makes you vulnerable to fire.
   It protects you from cold.
   It protects you from poison.
 I - a ring of protection from cold (left hand) {rC+, !d}
   (You found it on level 4 of the Dungeon)
 L - the amulet of Piqir (around neck) {Acrobat rPois Str+3 Dex+2}
   (You acquired it on level 10 of the Dungeon)

   [amulet of the acrobat]

   It helps you evade while moving and waiting.
   It affects your strength (+3).
   It affects your dexterity (+2).
   It protects you from poison.
 N - an uncursed ring of positive energy {rN+rN+}
   (You found it on level 4 of the Lair of Beasts)
 W - a +4 ring of evasion
   (You took it off a centaur warrior on level 14 of the Dungeon)
Wands
 D - a wand of digging (10)
   (You found it on level 4 of the Dungeon)
 T - a wand of clouds (4)
   (You took it off an orc on level 11 of the Dungeon)
Scrolls
 f - 3 scrolls of fog
 g - 3 scrolls of fear
 i - 2 scrolls of identify
 o - a scroll of acquirement
 p - 2 scrolls of enchant weapon
 t - 14 scrolls of teleportation
 w - 6 scrolls of remove curse
 B - 2 scrolls of blinking {!r!r}
 F - a scroll of magic mapping {!r!r}
 K - a scroll of enchant armour
 S - a scroll of summoning
 U - 5 scrolls of immolation {!r!r}
Potions
 a - 7 potions of brilliance
 d - 3 potions of might
 h - 3 potions of cancellation
 j - 9 potions of flight
 l - a potion of heal wounds
 m - 4 potions of lignification {!q!q}
 n - 2 potions of resistance
 q - 3 potions of curing
 r - 3 potions of haste
 s - 4 potions of agility
 A - 4 potions of magic
 E - 2 potions of ambrosia
 P - a potion of invisibility {unknown}
Comestibles
 e - 31 rations
 z - 4 chunks of flesh {@w0}


   Skills:
 + Level 18.4 Fighting
 * Level 24.2 Axes
 - Level 10.1 Armour
 - Level 2.1 Dodging


You had 15 spell levels left.
You didn't know any spells.
Your spell library was empty.

Dungeon Overview and Level Annotations

Branches:
Dungeon (15/15)            Temple (0/1) D:7            Lair (6/6) D:11
 Shoals (0/4) Lair:3       Spider (0/4) Lair:2        Slime (0/5) Lair:6
    Orc (2/2) D:9             Elf (0/3) Orc:2        Vaults (0/5) D:14
 Depths (0/5) D:15          Sewer (visited)           IceCv (visited)

Altars:
Cheibriados
Fedhas
Hepliaklqana
Okawaru
Qazlal
Sif Muna
Trog
Vehumet
Yredelemnul
The Shining One
Beogh
Jiyva

Shops:
D:7 ?   D:13 (   Orc:2 **

Annotations:
D:5 4 runed translucent doors
Lair:6 1 runed translucent door, emiel's ghost, journeyman DsFi
Orc:1 Sonja


Innate Abilities, Weirdness & Mutations

You reflexively headbutt those who attack you in melee.
You have a pair of horns on your head.


Message History

The hellwing swoops through the air toward you!
The hellwing hits you but does no damage.
The hellwing misses you. The orange demon barely misses you.
The orange demon misses you.
The orc high priest hits you with a +0 halberd.
* * * LOW HITPOINT WARNING * * *
The orc knight hits you from afar with a +0 bardiche!
* * * LOW HITPOINT WARNING * * *
The rust devil barely misses you.
You hear an angry growl.
You hear a shout! x2
Items here: ( ))))) [[[[ †††
Okay, then.
You feel much better. The hellwing hits you!
* * * LOW HITPOINT WARNING * * *
The hellwing hits you but does no damage.
The hellwing swoops through the air toward you!
The hellwing closely misses you. You furiously retaliate!
You headbutt the hellwing, but do no damage.
The hellwing barely misses you.
The orange demon stings you but does no damage.
The orange demon closely misses you.
The orc high priest prays to Beogh.
The rust devil misses you.
Okay, then.
Your skin crawls.
You feel resistant to hostile enchantments.
You feel somewhat more hungry. The orc knight closely misses you.
The hellwing hits you but does no damage. x3
The hellwing hits you.
* * * LOW HITPOINT WARNING * * *
The orange demon barely misses you.
The orange demon hits you but does no damage.
The orc high priest hits you but does no damage.
The ynoxinul gestures at you. The iron shot misses you.
The rust devil hits you. The rust devil corrodes you!
Really read
U - 5 scrolls of immolation {!r!r}?
Okay, then.
Okay, then.
You feel much better.
The orc sorcerer no longer looks unusually strong.
The orc knight roars a battlecry!
The orc high priest goes into a battle-frenzy!
The hellwing hits you but does no damage. x4
The orange demon barely misses you. You furiously retaliate!
You headbutt the orange demon, but do no damage.
The orange demon hits you but does no damage.
The orc sorcerer becomes larger for a moment.
The orc knight hits you from afar with a +0 bardiche!
* * * LOW HITPOINT WARNING * * *
The ynoxinul hits you but does no damage.
The rust devil hits you. The rust devil corrodes you!
A red film seems to cover your vision as you go berserk!
You feel yourself moving faster!
You feel mighty!
You are feeling hungry.
The orc high priest hits you but does no damage.
The hellwing barely misses you. The hellwing closely misses you.
The hellwing hits you.
* * * LOW HITPOINT WARNING * * *
The hellwing hits you but does no damage.
The orange demon barely misses you.
The orange demon hits you but does no damage.
The ynoxinul gestures at you. The iron shot hits you.
* * * LOW HITPOINT WARNING * * *
The rust devil hits you. The rust devil corrodes you!
You chop the orc high priest into pieces!!!
You headbutt the orc high priest.
You kill the orc high priest!
The ynoxinul disappears in a puff of smoke!
The orange demon disappears in a puff of smoke!
The ynoxinul disappears in a puff of smoke!
You hit the hellwing but do no damage. You slice the hellwing!!
You slash the rust devil!
The orc knight roars a battlecry!
The orc sorcerer goes into a battle-frenzy!
The hellwing closely misses you.
The hellwing hits you but does no damage.
An orc high priest comes into view. It is wielding a +1 vampiric war axe.
The hellwing hits you.
* * * LOW HITPOINT WARNING * * *
The hellwing hits you but does no damage.
You closely miss the orc high priest. You headbutt the orc high priest!
You barely miss the hellwing. You hit the hellwing.
You hit the orc knight but do no damage.
You slice the rust devil!! The rust devil hits you.
The rust devil corrodes you!
You closely miss the orc high priest. You headbutt the orc high priest.
You hit the hellwing but do no damage. You hit the hellwing.
You completely miss the orc knight. You cut the rust devil into ribbons!!!
You kill the rust devil!
You slash the orc sorcerer!
An orc wizard comes into view. It is wielding a +0 dagger of draining.
The orc knight hits you from afar with a +0 bardiche!!
* * * LOW HITPOINT WARNING * * *
The orc high priest barely misses you.
The hellwing hits you but does no damage.
The hellwing closely misses you.
The orc high priest prays to Beogh.
The hellwing hits you!
You die...

................. #.
.#####.##....... .
...##.##....... #.
o4.##.##....... .
o..##.##....... #. #o
##..##..##...##>#
#∩§#o##...##.###..))...
#.§.o.o.##..# #...##..
#.4o@4##..## #...###.
#####4...## ##...#..
###### ##..##. ###
##### ### #...## #.##
#...# ##.#### ##.###
...# ####..## #...#.###
### # ..## ##.##...#
#.....#.##### ##
..####...#...##
#........##.###.
..#.##........#
###.......#...##.


You could see 2 orc knights, 2 orc high priests, 2 hellwings, a rust devil, a
chaos spawn, an orc sorcerer and an orc wizard.

Levels and vault maps discovered:
D:1:      enne_arrival_octagon_isle, layout_basic
D:2:      layout_loops_corners, kennysheep_slug_shrine, led_sif_pool,
          nicolae_overflow_hidden_temple, first_ration
D:3:      layout_basic, chequers_temple_overflow_statue_of_worship,
          serial_co_window_serial, co_window_corner_a, co_window_corner_a,
          co_window_of_opportunity_a, co_window_paths_b, co_window_corner_a,
          co_window_paths_a, co_window_paths_b, co_window_corner_a,
          co_window_corner_a, co_window_corner_cb, co_window_corner_b,
          co_window_2corner, co_window_corner_cb, minivault_5, uniq_robin,
          uniq_purgy
D:4:      layout_loops_ring, minmay_tree_intersection,
          minmay_fractal_squares_gapless_5
D:5:      layout_basic, lemuel_round_altar, minmay_hollow_rounded_squares,
          uniq_menkaure
D:6:      layout_cave_pools, portal_sewer_entry_e, gammafunk_ghost_stat_death,
          st_stairs_3, uniq_eustachio, uniq_grinder, uniq_blork_the_orc
D:7:      lemuel_castle_with_subvaults [lemuel_castle_interior_original],
          layout_basic, grunt_qazlal_sundering, minmay_temple_entry_wispy,
          serial_shops, kennysheep_little_box
D:8:      layout_rooms, hangedman_incinerator
D:9:      layout_basic, david_orc_5
D:10:     layout_basic, bh_circular_ruins, uniq_harold
D:11:     layout_basic, lair_entry_dummy, special_room [special_room_orc],
          uniq_erolcha
D:12:     layout_roguey
D:13:     layout_basic, serial_shops, shop, hangedman_fish_farm, drop_trap
D:14:     minmay_outward_triangles, layout_stronghold, david_vaults_2,
          minmay_crystal_room, lightli_corner_chamber, uniq_frances
D:15:     grunt_enter_depths_hoard, layout_basic, serial_glass, glass_columns_a,
          glass_columns_b, glass_columns_b, glass_columns_c, glass_columns_c,
          glass_columns_b, glass_columns_a, glass_columns_c, glass_columns_b,
          glass_columns_c, serial_park_tiny_2, fedhas_bush_and_centaur_altar,
          uniq_agnes
Lair:1:   gammafunk_lair_enchanted_lake, layout_regular_city,
          portal_ice_cave_entry_ice_beasts, beast_lair_carwin_6,
          grunt_megastairs_5
Lair:2:   layout_gridlike, spider_nest_entry_a, bobbens_dragon_lair_wall,
          uniq_nergalle, uniq_maggie, uniq_gastronok
Lair:3:   layout_loops_ring, minmay_shoals_entry_hut, small_statue_intersection,
          serial_bayou_shore_a, grunt_megastairs_4
Lair:4:   layout_roguey, uniq_urug
Lair:5:   layout_roguey, serial_bayou_shore_b, grunt_megastairs_2,
          uniq_josephine, uniq_kirke
Lair:6:   cheibrodos_lair_end_hotspot, layout_gridlike, slime_altar_1,
          ebering_ghost_funeral_grove, serial_bayou_ford_a, serial_bayou_pond_c
Orc:1:    layout_caves, chequers_guarded_unrand_ignorance, uniq_sonja
Orc:2:    st_orc_elflike, layout_diamond_mine, serial_shops, shop, basic_altar

Notes
Turn   | Place    | Note
-------+----------+-------------------------------------------
     0 | D:1      | drasked the Minotaur Berserker began the quest for the Orb.
     0 | D:1      | Reached XP level 1. HP: 19/19 MP: 0/0
    55 | D:1      | Identified a +0 dagger
    65 | D:1      | Reached skill level 4 in Axes
   195 | D:1      | Identified a +0 club
   204 | D:1      | Reached XP level 2. HP: 26/27 MP: 1/1
   273 | D:1      | Reached skill level 4 in Fighting
   373 | D:1      | Identified a +0 club
   469 | D:1      | Identified a +0 club
   513 | D:1      | Reached XP level 3. HP: 28/33 MP: 2/2
   649 | D:1      | Reached ** piety under Trog
   740 | D:1      | Identified a +0 whip
   819 | D:1      | Reached skill level 5 in Axes
   914 | D:1      | Identified a +0 club
   939 | D:1      | Identified a +0 dagger
  1293 | D:2      | Found a hazy altar of Hepliaklqana.
  1670 | D:2      | Reached XP level 4. HP: 37/41 MP: 3/3
  1780 | D:2      | Found a shimmering blue altar of Sif Muna.
  1823 | D:2      | Identified a +0 club
  1824 | D:2      | Identified a cursed -2 whip
  2053 | D:2      | Identified a +0 club
  2053 | D:2      | Identified a +0 chain mail
  2053 | D:2      | Identified an uncursed ring of fire
  2131 | D:2      | Identified a cursed +0 club
  2258 | D:2      | Found a snail-covered altar of Cheibriados.
  2425 | D:3      | Identified a +0 halberd
  2425 | D:3      | Identified a +0 spear
  2438 | D:3      | Identified a cursed +0 flail
  2444 | D:3      | Reached skill level 6 in Axes
  2657 | D:3      | Noticed Purgy
  2662 | D:3      | Killed Purgy
  2662 | D:3      | Identified a +0 troll leather armour {Purgy}
  2662 | D:3      | Reached skill level 5 in Fighting
  2662 | D:3      | Reached XP level 5. HP: 35/48 MP: 4/4
  2687 | D:3      | Identified a +0 pair of boots (You found it on level 1 of
                  | the Dungeon)
  2747 | D:3      | Identified a +2 war axe of flaming
  2747 | D:3      | Identified a +0 ring mail
  2752 | D:3      | Reached *** piety under Trog
  2757 | D:3      | Reached skill level 7 in Axes
  2792 | D:3      | Identified a +0 dagger
  2906 | D:3      | Identified a cursed -3 hand axe
  2906 | D:3      | Identified a cursed +0 leather armour
  2912 | D:3      | Reached XP level 6. HP: 52/56 MP: 5/5
  2954 | D:3      | Identified a +0 short sword
  2955 | D:3      | Identified a +0 club
  2957 | D:3      | Identified a +2 dagger of holy wrath
  2957 | D:3      | Identified a +0 dagger
  2957 | D:3      | Identified a +0 club
  2958 | D:3      | Identified a +0 spear
  2958 | D:3      | Identified a +0 animal skin
  2958 | D:3      | Identified a +1 helmet
  2958 | D:3      | Noticed Robin
  2958 | D:3      | Identified a +0 dagger
  2958 | D:3      | Identified a +0 club
  2961 | D:3      | Identified a +0 club
  2970 | D:3      | Killed Robin
  3205 | D:3      | Found an iron altar of Okawaru.
  3206 | D:3      | Found a bloodstained altar of Trog.
  3208 | D:3      | Found a glowing golden altar of the Shining One.
  3210 | D:3      | Found a radiant altar of Vehumet.
  3311 | D:3      | Identified a +0 club
  3373 | D:3      | Identified a +0 club
  3524 | D:3      | Identified a +0 club
  3656 | D:3      | Identified a ring of protection (You found it on level 1 of
                  | the Dungeon)
  3657 | D:3      | Identified a ring of positive energy (You found it on level
                  | 3 of the Dungeon)
  3658 | D:3      | Identified 3 scrolls of identify
  3658 | D:3      | Identified an amulet of reflection (You found it on level 1
                  | of the Dungeon)
  3659 | D:3      | Identified an amulet of inaccuracy (You found it on level 1
                  | of the Dungeon)
  3661 | D:3      | Identified a potion of agility
  3663 | D:3      | Identified a scroll of fear
  3664 | D:3      | Identified 2 scrolls of enchant weapon
  3665 | D:3      | Identified a scroll of enchant armour
  3666 | D:3      | Identified a scroll of noise
  3667 | D:3      | Identified 2 scrolls of amnesia
  3958 | D:4      | Reached **** piety under Trog
  4050 | D:4      | Reached skill level 6 in Fighting
  4131 | D:4      | Identified a +0 whip
  4168 | D:4      | Reached skill level 8 in Axes
  4256 | D:4      | Reached XP level 7. HP: 51/63 MP: 6/6
  4456 | D:5      | Entered Level 5 of the Dungeon
  4497 | D:5      | Noticed Menkaure
  4503 | D:5      | Killed Menkaure
  4672 | D:5      | Found a basalt altar of Yredelemnul.
  4772 | D:5      | Reached skill level 9 in Axes
  4820 | D:5      | Identified a +0 giant club
  4827 | D:5      | Reached skill level 7 in Fighting
  4917 | D:5      | Found a large runed translucent door.
  4917 | D:5      | Found a large runed translucent door.
  4934 | D:5      | Identified a +0 dagger
  4934 | D:5      | Identified a +0 robe
  4985 | D:5      | Found a large runed translucent door.
  4985 | D:5      | Found a large runed translucent door.
  5126 | D:5      | Reached XP level 8. HP: 73/73 MP: 7/7
  5248 | D:5      | Reached skill level 10 in Axes
  5342 | D:5      | Identified a +0 giant club
  5342 | D:5      | Identified a +0 giant club
  5356 | D:5      | Identified a +0 mace
  5356 | D:5      | Identified a cursed +0 ring mail
  5359 | D:5      | Reached skill level 8 in Fighting
  5456 | D:5      | Identified a ring of protection from cold (You found it on
                  | level 4 of the Dungeon)
  5484 | D:6      | Identified 2 scrolls of teleportation
  5486 | D:6      | Found a glowing drain.
  5486 | D:6      | Identified a +0 trident
  5486 | D:6      | Identified a +0 chain mail
  5486 | D:6      | Identified a +0 dagger
  5486 | D:6      | Identified a +0 war axe
  5486 | D:6      | Identified a +0 ring mail
  5495 | D:6      | Reached skill level 11 in Axes
  5529 | Sewer    | Entered a sewer
  5592 | Sewer    | Identified a +0 dagger
  5631 | Sewer    | Identified a +0 whip
  5701 | Sewer    | Identified a +2 dagger of venom
  5947 | D:6      | Identified a +0 dagger
  5947 | D:6      | Identified a cursed +0 leather armour
  5954 | D:6      | Identified a +0 long sword
  5954 | D:6      | Identified a +0 robe
  5954 | D:6      | Noticed Blork the orc
  5961 | D:6      | Killed Blork the orc
  5961 | D:6      | Reached ***** piety under Trog
  5961 | D:6      | Received a gift from Trog
  5966 | D:6      | Identified a +2 broad axe (Trog gifted it to you on level 6
                  | of the Dungeon)
  5983 | D:6      | Found a transporter.
  6051 | D:6      | Noticed SamuraiZach's ghost (novice TrBe)
  6139 | D:6      | Reached XP level 9. HP: 82/82 MP: 8/8
  6166 | D:6      | Identified a +3 rapier of protection
  6166 | D:6      | Identified a +0 leather armour
  6166 | D:6      | Noticed Eustachio
  6182 | D:6      | Killed Eustachio
  6182 | D:6      | Reached skill level 9 in Fighting
  6182 | D:6      | Reached skill level 12 in Axes
  6337 | D:6      | Noticed Grinder
  6347 | D:6      | Killed Grinder
  6397 | D:6      | Found a transporter.
  6410 | D:6      | Identified a +0 dagger
  6410 | D:6      | Identified a +0 robe
  6410 | D:6      | Identified a +0 dagger
  6410 | D:6      | Identified a +0 robe
  6410 | D:6      | Identified a +0 whip
  6411 | D:6      | Identified a +0 glaive
  6411 | D:6      | Identified a +2 chain mail of magic resistance
  6670 | D:6      | Identified a +0 pair of gloves (You found it on level 6 of
                  | the Dungeon)
  6670 | D:6      | Identified 2 scrolls of fog
  6671 | D:6      | Identified 3 scrolls of remove curse
  6717 | D:6      | Killed SamuraiZach's ghost
  6717 | D:6      | Reached skill level 10 in Fighting
  6717 | D:6      | Reached skill level 13 in Axes
  6758 | D:6      | Identified 6 potions of brilliance
  6759 | D:6      | Identified 3 potions of flight
  6760 | D:6      | Identified 4 potions of heal wounds
  6825 | D:7      | Identified a +0 club
  6825 | D:7      | Identified a +2 scale mail of fire resistance
  6826 | D:7      | Identified a +0 club
  6827 | D:7      | Identified a +0 flail
  6827 | D:7      | Identified a +0 ring mail
  6852 | D:7      | Reached XP level 10. HP: 91/94 MP: 9/9
  6857 | D:7      | Found a stormy altar of Qazlal.
  6879 | D:7      | Identified a +0 mace
  6880 | D:7      | Identified a cursed -2 dagger
  6880 | D:7      | Identified a +0 scale mail
  6881 | D:7      | Identified a +0 dagger of draining
  6888 | D:7      | Identified a +0 short sword
  6892 | D:7      | Identified a +0 giant spiked club
  6905 | D:7      | Reached skill level 14 in Axes
  6980 | D:7      | Found a staircase to the Ecumenical Temple.
  6985 | D:7      | Identified a +0 giant spiked club
  7056 | D:7      | Got a wavering glass ring
  7121 | D:7      | Identified a +0 shortbow
  7121 | D:7      | Identified a +0 short sword
  7124 | D:7      | Identified a +1 dagger of venom
  7127 | D:7      | Identified a +0 club
  7134 | D:7      | Identified a +0 dagger
  7135 | D:7      | Identified a +0 dagger
  7145 | D:7      | Identified a +0 club
  7199 | D:7      | Found Koseesop's Magic Scroll Emporium.
  7208 | D:7      | Bought a scroll of magic mapping for 49 gold pieces
  7208 | D:7      | Bought a scroll of identify for 28 gold pieces
  7208 | D:7      | Bought a scroll of identify for 28 gold pieces
  7208 | D:7      | Identified the ring of Neoqi {Ice rPois Str-2 Int+3 Slay+3}
                  | (You found it on level 7 of the Dungeon)
  7216 | D:7      | Identified a +0 cloak (You found it on level 7 of the
                  | Dungeon)
  7216 | D:7      | Identified 2 potions of cancellation
  7217 | D:7      | Identified a potion of ambrosia
  7390 | D:7      | Identified a +0 flail
  7390 | D:7      | Identified a +0 ring mail
  7391 | D:7      | Identified a +0 falchion
  7391 | D:7      | Identified a cursed +0 ring mail
  7391 | D:7      | Identified a +0 flail
  7397 | D:7      | Identified a +0 flail
  7407 | D:7      | Received a gift from Trog
  7408 | D:7      | Reached skill level 11 in Fighting
  7413 | D:7      | Identified a +3 antimagic battleaxe (Trog gifted it to you
                  | on level 7 of the Dungeon)
  7482 | D:7      | Identified a +0 battleaxe
  7482 | D:7      | Identified a +0 plate armour
  7482 | D:7      | Identified a +0 mace
  7484 | D:7      | Identified a +0 dire flail
  7484 | D:7      | Identified a +0 plate armour
  7484 | D:7      | Identified a +0 mace
  7485 | D:7      | Identified a cursed -2 club
  7486 | D:7      | Identified a cursed -1 long sword
  7486 | D:7      | Identified a +0 plate armour
  7486 | D:7      | Noticed an orc knight
  7487 | D:7      | Identified a +0 scale mail
  7488 | D:7      | Identified a +0 short sword
  7488 | D:7      | Identified a +0 leather armour
  7491 | D:7      | Identified a +0 flail
  7492 | D:7      | Identified a +0 dagger
  7495 | D:7      | Identified a +0 hand axe
  7499 | D:7      | Identified a +0 mace
  7499 | D:7      | Identified a +0 leather armour
  7500 | D:7      | Killed an orc knight
  7502 | D:7      | Reached skill level 15 in Axes
  7503 | D:7      | Identified a cursed -3 flail
  7503 | D:7      | Identified a +0 hand axe
  7503 | D:7      | Identified a +0 hand axe
  7503 | D:7      | Identified a +0 leather armour
  7506 | D:7      | Identified a +0 club
  7506 | D:7      | Identified a +0 leather armour
  7508 | D:7      | Identified a +0 dagger
  7508 | D:7      | Identified a +0 robe
  7508 | D:7      | Noticed an orc sorcerer
  7511 | D:7      | Identified a cursed -3 whip
  7513 | D:7      | Identified a +0 flail
  7513 | D:7      | Identified a +0 leather armour
  7513 | D:7      | Identified a +0 trident
  7515 | D:7      | Identified a +0 short sword
  7519 | D:7      | Identified a +0 falchion
  7519 | D:7      | Identified a +0 leather armour
  7522 | D:7      | Killed an orc sorcerer
  7640 | D:7      | You fall into a shaft and drop 1 floor!
  7640 | D:8      | Identified a +0 giant spiked club
  7660 | D:8      | Identified a +0 falchion
  7660 | D:8      | Identified a +0 short sword
  7660 | D:8      | Identified a +0 mace
  7661 | D:8      | Identified a +0 flail
  7661 | D:8      | Identified a +0 leather armour
  7733 | D:8      | Reached skill level 3 in Armour
  7789 | D:8      | Identified a +0 shortbow
  7882 | D:8      | Identified a +0 giant club
  7882 | D:8      | Identified a +0 giant spiked club
  7882 | D:8      | Noticed a two-headed ogre
  7890 | D:8      | Killed a two-headed ogre
  7988 | D:8      | Identified a +0 club
  7993 | D:8      | Identified a +0 hand axe
  7993 | D:8      | Identified a +0 hand axe
  7995 | D:8      | Received a gift from Trog
  8003 | D:8      | Reached XP level 11. HP: 101/104 MP: 3/10
  8081 | D:8      | Reached skill level 4 in Armour
  8231 | D:8      | Reached skill level 12 in Fighting
  8413 | D:9      | Identified a +0 giant spiked club
  8513 | D:9      | Identified a +0 dagger
  8513 | D:9      | Identified a cursed +0 robe
  8515 | D:9      | Identified a +0 war axe
  8522 | D:9      | Identified a +0 whip
  8524 | D:9      | Reached skill level 16 in Axes
  8525 | D:9      | Identified a +0 battleaxe
  8525 | D:9      | Identified a +0 chain mail
  8531 | D:9      | Identified a +1 flail of holy wrath
  8532 | D:9      | Identified a +0 dagger
  8532 | D:9      | Identified a +0 robe
  8537 | D:9      | Identified a +0 short sword
  8537 | D:9      | Identified a +0 leather armour
  8542 | D:9      | Identified a +3 ring mail
  8547 | D:9      | Identified a +2 dagger of venom
  8550 | D:9      | Identified a +0 morningstar
  8550 | D:9      | Identified a +0 scale mail
  8550 | D:9      | Identified a +0 short sword
  8557 | D:9      | Identified a +0 scimitar
  8557 | D:9      | Identified a +0 chain mail
  8558 | D:9      | Identified a +0 club
  8558 | D:9      | Identified a +0 flail
  8568 | D:9      | Identified a +2 flail of draining
  8568 | D:9      | Identified a +0 chain mail
  8570 | D:9      | Identified a cursed -2 club
  8570 | D:9      | Identified a +0 chain mail
  8573 | D:9      | Found a roughly hewn altar of Beogh.
  8573 | D:9      | Found a staircase to the Orcish Mines.
  8573 | D:9      | Identified a +0 hand axe
  8573 | D:9      | Identified a +0 chain mail
  8573 | D:9      | Identified a +0 battleaxe
  8573 | D:9      | Identified a +0 chain mail
  8573 | D:9      | Identified a +0 dagger
  8573 | D:9      | Identified a +0 flail
  8573 | D:9      | Identified a +0 chain mail
  8573 | D:9      | Identified a +0 flail
  8573 | D:9      | Identified a +0 ring mail
  8575 | D:9      | Identified a +0 giant club
  8575 | D:9      | Identified a +0 giant spiked club
  8575 | D:9      | Noticed a two-headed ogre
  8576 | D:9      | Identified a +0 club
  8578 | D:9      | Identified a +0 hand axe
  8578 | D:9      | Identified a +0 whip
  8578 | D:9      | Identified a cursed -2 club
  8578 | D:9      | Identified a +0 flail
  8579 | D:9      | HP: 24/104 [orc priest/divine providence (15)]
  8717 | D:9      | Identified a cursed +0 halberd
  8717 | D:9      | Identified a +0 plate armour
  8717 | D:9      | Identified a +0 club
  8717 | D:9      | Identified a +0 dagger
  8717 | D:9      | Identified a +0 robe
  8717 | D:9      | Identified a +0 dagger
  8717 | D:9      | Identified a +0 robe
  8717 | D:9      | Identified a +0 whip
  8717 | D:9      | Identified a +0 whip
  8717 | D:9      | Identified a +0 spear
  8720 | D:9      | Reached skill level 5 in Armour
  8791 | D:9      | Identified a +0 dagger
  8791 | D:9      | Identified a +0 robe
  8791 | D:9      | Identified a +0 war axe
  8792 | D:9      | Identified a +0 dagger
  8792 | D:9      | Identified a +0 robe
  8793 | D:9      | Identified a +0 dagger
  8793 | D:9      | Identified a +0 robe
  8798 | D:9      | Received a gift from Trog
  8920 | D:9      | Killed a two-headed ogre
  9403 | D:9      | Identified a +7 battleaxe (Trog gifted it to you on level 9
                  | of the Dungeon)
  9474 | D:10     | Entered Level 10 of the Dungeon
  9501 | D:10     | Identified a +0 giant club
  9574 | D:10     | Identified a +0 mace
  9577 | D:10     | Identified a +0 trident
  9577 | D:10     | Identified a +0 chain mail
  9579 | D:10     | Identified a +0 flail of draining
  9579 | D:10     | Identified a +0 ring mail
  9581 | D:10     | Identified a +0 flail of protection
  9581 | D:10     | Identified a +0 leather armour
  9599 | D:10     | Identified a +0 dagger
  9599 | D:10     | Identified a +0 robe
  9670 | D:10     | Reached skill level 6 in Armour
  9710 | D:10     | Identified a +0 dagger
  9710 | D:10     | Identified a +0 robe
  9719 | D:10     | Identified a +0 mace
  9719 | D:10     | Identified a +0 chain mail
  9719 | D:10     | Noticed Harold
  9916 | D:10     | Killed Harold
  9916 | D:10     | Identified a +0 dagger
  9916 | D:10     | Identified a cursed +0 leather armour
  9921 | D:10     | Identified a +0 dagger
  9921 | D:10     | Identified a +0 robe
  9922 | D:10     | Identified a +0 dagger
  9922 | D:10     | Identified a +0 ring mail
 10019 | D:9      | Identified a scroll of summoning
 10019 | D:9      | Identified a +0 dagger
 10019 | D:9      | Identified a +0 short sword
 10019 | D:9      | Identified a +0 hand crossbow
 10019 | D:9      | Identified a +0 giant spiked club
 10034 | D:10     | Identified a cursed -1 short sword
 10034 | D:10     | Identified a +0 leather armour
 10037 | D:10     | Identified a +0 halberd
 10037 | D:10     | Identified a +0 robe
 10177 | D:10     | Identified a +0 dagger
 10177 | D:10     | Identified a +0 dagger
 10180 | D:10     | Identified a +0 club
 10180 | D:10     | Identified a +0 club
 10182 | D:10     | Identified a +0 short sword
 10239 | D:10     | Reached skill level 17 in Axes
 10333 | D:10     | Identified a cursed -3 whip
 10335 | D:10     | Identified a +0 whip
 10336 | D:10     | Identified a +0 mace
 10336 | D:10     | Identified a +0 dagger
 10336 | D:10     | Identified a +0 ring mail
 10345 | D:10     | Received a gift from Trog
 10349 | D:10     | Identified a +2 vorpal battleaxe (Trog gifted it to you on
                  | level 10 of the Dungeon)
 10458 | D:10     | Identified a scroll of acquirement
 10458 | D:10     | Identified the amulet of Piqir {Acrobat rPois Str+3 Dex+2}
                  | (You acquired it on level 10 of the Dungeon)
 10626 | D:11     | Identified a +0 whip
 10626 | D:11     | Identified a +0 spear
 10626 | D:11     | Identified a +0 spear
 10630 | D:11     | Identified a cursed -2 whip
 10633 | D:11     | Identified a +0 short sword
 10641 | D:11     | Identified a +0 whip
 10699 | D:11     | Identified a scroll of vulnerability
 10700 | D:11     | Identified a scroll of immolation
 10701 | D:11     | Identified 2 scrolls of blinking
 10752 | D:11     | Identified a +0 whip
 10752 | D:11     | Identified a cursed +0 chain mail
 10752 | D:11     | Identified a cursed +0 hand axe
 10752 | D:11     | Identified a +1 leather armour of magic resistance
 10752 | D:11     | Identified a +0 dagger
 10752 | D:11     | Identified a +0 robe
 10752 | D:11     | Identified a +0 club
 10794 | D:11     | Reached skill level 13 in Fighting
 10807 | D:11     | Identified a +2 giant club
 10807 | D:11     | Identified a +0 robe
 10807 | D:11     | Noticed Erolcha
 10814 | D:11     | Killed Erolcha
 10814 | D:11     | Reached skill level 7 in Armour
 10824 | D:11     | Identified a +0 shortbow
 10829 | D:11     | Identified a +0 shortbow
 10838 | D:11     | Reached XP level 12. HP: 77/115 MP: 11/11
 10844 | D:11     | Identified a +0 shortbow
 10855 | D:11     | Identified a +0 shortbow
 11234 | D:11     | Identified a +0 dagger
 11234 | D:11     | Identified a +0 robe
 11234 | D:11     | Identified a +0 flail
 11234 | D:11     | Identified a +0 scale mail
 11234 | D:11     | Identified a +0 hand axe
 11238 | D:11     | Identified a +0 flail
 11238 | D:11     | Identified a +0 leather armour
 11241 | D:11     | Identified a +0 scimitar
 11241 | D:11     | Identified a +0 chain mail
 11243 | D:11     | Identified a +0 flail
 11245 | D:11     | Identified a +0 scimitar
 11245 | D:11     | Identified a +0 plate armour
 11248 | D:11     | Identified a +0 scimitar
 11248 | D:11     | Identified a +0 plate armour
 11252 | D:11     | Identified a +0 flail
 11252 | D:11     | Identified a +0 chain mail
 11258 | D:11     | Identified a +0 club
 11259 | D:11     | Identified a +0 short sword
 11266 | D:11     | Identified a +0 dagger
 11269 | D:11     | Identified a +0 mace
 11270 | D:11     | Identified a +0 flail
 11270 | D:11     | Identified a +0 chain mail
 11270 | D:11     | Identified a +1 flail of protection
 11270 | D:11     | Identified a +2 antimagic bardiche
 11270 | D:11     | Identified a +0 chain mail
 11270 | D:11     | Identified a +0 hand axe
 11272 | D:11     | Found a roughly hewn altar of Beogh.
 11272 | D:11     | Identified a +0 short sword
 11272 | D:11     | Identified a +0 chain mail
 11272 | D:11     | Identified a +0 club
 11272 | D:11     | Identified a +0 ring mail
 11272 | D:11     | Identified a +0 scimitar
 11272 | D:11     | Identified a +0 chain mail of cold resistance
 11272 | D:11     | Identified a +0 short sword
 11272 | D:11     | Identified a +0 chain mail
 11272 | D:11     | Identified a +2 trident of venom
 11272 | D:11     | Identified a +0 dagger
 11272 | D:11     | Identified a cursed +0 ring mail
 11272 | D:11     | Identified a +0 halberd
 11272 | D:11     | Identified a +0 chain mail
 11272 | D:11     | Identified a +2 war axe of draining
 11272 | D:11     | Identified a +0 whip
 11281 | D:11     | Received a gift from Trog
 11515 | D:11     | Identified a +4 executioner's axe (Trog gifted it to you on
                  | level 11 of the Dungeon)
 11654 | D:11     | Found a staircase to the Lair.
 12309 | D:12     | Identified a +0 dire flail
 12309 | D:12     | Identified a +0 plate armour
 12309 | D:12     | Identified a +0 trident
 12309 | D:12     | Identified a +0 falchion
 12309 | D:12     | Identified a +0 scale mail
 12309 | D:12     | Identified a cursed -2 club
 12309 | D:12     | Identified a +0 chain mail
 12309 | D:12     | Identified a +0 dagger
 12309 | D:12     | Identified a +0 scale mail
 12347 | D:12     | Reached skill level 8 in Armour
 12470 | D:12     | Reached skill level 18 in Axes
 12922 | D:12     | Identified a +0 shortbow
 12923 | D:12     | Identified a +0 shortbow
 12935 | D:12     | Identified a +0 shortbow
 13121 | D:13     | Found Iduom's Antique Weapon Shop.
 13131 | D:13     | Identified a +0 mace
 13131 | D:13     | Identified a +0 leather armour
 13131 | D:13     | Identified a +0 mace
 13147 | D:13     | Identified a +0 shortbow
 13147 | D:13     | Noticed a centaur warrior
 13156 | D:13     | Killed a centaur warrior
 13368 | D:13     | Identified a +0 spear
 13448 | D:13     | Identified a +0 troll leather armour
 13616 | D:13     | Reached skill level 9 in Armour
 13937 | D:13     | Identified a +0 shortbow
 13939 | D:13     | Identified a +0 shortbow
 13939 | D:13     | Identified a +0 shortbow
 13941 | D:13     | Identified a +0 shortbow
 13946 | D:13     | Identified a +0 shortbow
 13977 | D:13     | Identified a +0 shortbow
 14136 | D:13     | Identified a +0 short sword
 14136 | D:13     | Identified a +0 ring mail
 14146 | D:13     | Received a gift from Trog
 14146 | D:13     | Reached skill level 14 in Fighting
 14147 | D:13     | Got a slimy halberd {god gift}
 14149 | D:13     | Identified the +1 halberd "X" {vorpal, rC+ Dex+3} (Trog
                  | gifted it to you on level 13 of the Dungeon)
 14316 | D:14     | Found a gate to the Vaults.
 14440 | D:14     | Identified a +0 shortbow
 14441 | D:14     | Identified a +0 shortbow
 14441 | D:14     | Noticed a centaur warrior
 14441 | D:14     | Identified a +0 shortbow
 14441 | D:14     | Identified a +0 shortbow
 14448 | D:14     | Killed a centaur warrior
 14515 | D:14     | Identified a +0 halberd
 14515 | D:14     | Identified a +0 chain mail of poison resistance
 14515 | D:14     | Noticed Frances
 14525 | D:14     | HP: 18/117 [Frances/+0 halberd (31)]
 14539 | D:14     | Identified a +0 giant spiked club
 14565 | D:14     | Identified a cursed -2 giant club
 14565 | D:14     | Identified a +0 giant club
 14570 | D:14     | Killed Frances
 14914 | D:14     | Reached XP level 13. HP: 120/124 MP: 0/12
 14975 | D:14     | Identified a +0 giant club
 14975 | D:14     | Identified a +0 giant club
 14977 | D:14     | Reached skill level 19 in Axes
 15076 | D:14     | Reached skill level 10 in Armour
 15578 | D:14     | Identified a +0 dagger
 15578 | D:14     | Identified a cursed +0 mace
 15578 | D:14     | Identified a +0 robe
 15578 | D:14     | Identified a +0 shortbow
 15821 | D:14     | Identified a +0 dagger
 15831 | D:14     | Identified a +0 shortbow
 15864 | D:14     | Identified a +4 ring of evasion
 15937 | D:14     | Noticed a storm dragon
 15953 | D:14     | HP: 24/125 [storm dragon/bolt of lightning (31)]
 15956 | D:14     | HP: 5/187 [storm dragon (17)]
 15958 | D:14     | Killed a storm dragon
 16370 | D:14     | Identified 2 potions of mutation
 16371 | D:14     | Identified 2 potions of degeneration
 16372 | D:14     | Identified 3 potions of magic
 16522 | D:15     | Entered Level 15 of the Dungeon
 16543 | D:15     | Noticed a fire dragon
 16559 | D:15     | Killed a fire dragon
 16559 | D:15     | Reached skill level 15 in Fighting
 16889 | D:15     | Reached skill level 20 in Axes
 16924 | D:15     | Identified a +0 shortbow
 16930 | D:15     | Identified a +0 shortbow
 16931 | D:15     | Identified a +0 shortbow
 16938 | D:15     | Received a gift from Trog
 17020 | D:15     | Identified a +0 lajatang of electrocution
 17020 | D:15     | Identified a +0 robe
 17020 | D:15     | Noticed Agnes
 17034 | D:15     | Killed Agnes
 17142 | D:15     | Found a blossoming altar of Fedhas.
 17142 | D:15     | Identified a +0 shortbow
 17215 | D:15     | Identified a +7 falchion
 17215 | D:15     | Identified a +0 robe
 17215 | D:15     | Identified a cursed +0 mace
 17215 | D:15     | Identified a +0 robe
 17408 | D:15     | Identified a +2 short sword
 17408 | D:15     | Identified a +0 robe
 17409 | D:15     | Identified a +5 great sword of freezing
 17409 | D:15     | Identified a +0 robe
 17451 | D:15     | Identified a +0 rapier
 17466 | D:15     | Noticed a fire dragon
 17479 | D:15     | Killed a fire dragon
 17762 | D:15     | Found a staircase to the Depths.
 17877 | D:15     | Identified a +0 troll leather armour
 17974 | D:15     | Identified a +4 battleaxe
 17974 | D:15     | Identified a +0 chain mail
 17981 | D:15     | Reached XP level 14. HP: 124/135 MP: 4/13
 18321 | D:15     | Reached skill level 21 in Axes
 18812 | Lair:1   | Entered Level 1 of the Lair of Beasts
 18826 | Lair:1   | Found a frozen archway.
 18876 | IceCv    | Entered an ice cave
 18892 | IceCv    | Received a gift from Trog
 18990 | IceCv    | Got a pair of translucent boots
 19003 | IceCv    | Identified the +1 pair of boots of Qazlal's Regard {rN+
                  | Slay+2} (You found it in an ice cave)
 19013 | IceCv    | Identified a +1 cloak of cold resistance {rC+} (You found
                  | it in an ice cave)
 19105 | IceCv    | Reached skill level 16 in Fighting
 19135 | IceCv    | Identified a +0 scythe of freezing
 19135 | IceCv    | Noticed a reaper
 19145 | IceCv    | Killed a reaper
 19153 | IceCv    | Identified a +4 executioner's axe of electrocution (You
                  | found it in an ice cave)
 19758 | Lair:1   | Found a runed translucent door.
 20891 | Lair:2   | Noticed Gastronok
 20893 | Lair:2   | Identified +0 steam dragon scales
 20908 | Lair:2   | HP: 34/138 [rime drake/flash freeze (6)]
 20910 | Lair:1   | HP: 16/138 [rime drake/flash freeze (12)]
 21189 | Lair:2   | Reached skill level 22 in Axes
 21190 | Lair:2   | Received a gift from Trog
 21192 | Lair:2   | Identified a +6 broad axe of electrocution
 21192 | Lair:2   | Identified +0 swamp dragon scales
 21192 | Lair:2   | Noticed Maggie
 21195 | Lair:2   | Killed Gastronok
 21197 | Lair:2   | HP: 25/138 [Maggie/bolt of fire (39)]
 21197 | Lair:2   | Identified a +0 dagger
 21197 | Lair:2   | Identified a +0 robe
 21197 | Lair:2   | Noticed Nergalle
 21578 | Lair:2   | Killed Nergalle
 21601 | Lair:2   | Killed Maggie
 21628 | Lair:2   | Found a hole to the Spider Nest.
 22302 | Lair:2   | Identified a +1 cloak of magic resistance (You found it on
                  | level 2 of the Lair of Beasts)
 22313 | Lair:2   | Identified a scroll of random uselessness
 22314 | Lair:2   | Identified 3 potions of curing
 22315 | Lair:2   | Identified 2 potions of resistance
 22316 | Lair:2   | Identified 2 potions of lignification
 22883 | Lair:3   | Reached skill level 17 in Fighting
 22897 | Lair:3   | Got an ichor-stained leather armour
 23280 | Lair:3   | Found a staircase to the Shoals.
 23593 | Lair:4   | Reached XP level 15. HP: 133/147 MP: 14/14
 23870 | Lair:4   | Identified a +3 great sword
 23870 | Lair:4   | Identified a cursed +0 scale mail
 23870 | Lair:4   | Noticed Urug
 23882 | Lair:4   | Killed Urug
 24710 | Lair:5   | Received a gift from Trog
 24731 | Lair:5   | Got a slimy battleaxe {god gift}
 24734 | Lair:5   | Identified the +8 battleaxe "Qitenlocy" {vorpal, rPois rF+
                  | Int-2} (Trog gifted it to you on level 5 of the Lair of
                  | Beasts)
 24753 | Lair:5   | Noticed Kirke
 24764 | Lair:5   | Killed Kirke
 24896 | Lair:5   | Identified a +0 dagger
 24896 | Lair:5   | Identified a cursed +0 robe
 24896 | Lair:5   | Noticed Josephine
 24908 | Lair:5   | Killed Josephine
 24912 | Lair:5   | Reached skill level 23 in Axes
 25326 | Lair:6   | Entered Level 6 of the Lair of Beasts
 25923 | Lair:6   | Received a gift from Trog
 26350 | Lair:6   | Identified a cursed +0 flail
 26792 | Lair:6   | Identified a +0 mace
 26834 | Lair:6   | Found a large runed translucent door.
 26924 | Lair:6   | Found a large runed translucent door.
 27033 | Lair:6   | Reached skill level 18 in Fighting
 27232 | Lair:6   | Found a staircase to the Slime Pits.
 27232 | Lair:6   | Found a viscous altar of Jiyva.
 27487 | Lair:6   | Found a runed translucent door.
 27487 | Lair:6   | Identified the +2 trident "Fasix" {vamp, rF+ Str+2 Int-3}
 27488 | Lair:6   | Noticed emiel's ghost (journeyman DsFi)
 27489 | Lair:6   | Identified a +0 trident
 27489 | Lair:6   | Identified a cursed -5 ring of intelligence
 27921 | Orc:1    | Entered Level 1 of the Orcish Mines
 27923 | Orc:1    | Identified a +1 vorpal scimitar
 27923 | Orc:1    | Identified a +0 chain mail
 27923 | Orc:1    | Identified a +0 dagger
 27923 | Orc:1    | Identified a cursed +0 robe
 27924 | Orc:1    | Identified a +0 giant spiked club
 27925 | Orc:1    | Identified a +0 dagger
 27925 | Orc:1    | Identified a +0 robe
 27929 | Orc:1    | Identified a +0 mace
 27929 | Orc:1    | Identified a +0 leather armour
 28014 | Orc:1    | Identified a +0 giant spiked club
 28084 | Orc:1    | Identified a +0 dagger
 28084 | Orc:1    | Identified a +0 robe
 28085 | Orc:1    | Identified a +0 trident
 28085 | Orc:1    | Identified a +0 ring mail
 28086 | Orc:1    | Identified a +0 dagger of venom
 28086 | Orc:1    | Noticed Sonja
 28087 | Orc:1    | Identified a +0 glaive
 28087 | Orc:1    | Identified a +0 chain mail
 28087 | Orc:1    | Received a gift from Trog
 28107 | Orc:1    | Identified a +0 halberd
 28107 | Orc:1    | Identified a +0 chain mail
 28117 | Orc:1    | Identified a +0 scale mail
 28122 | Orc:1    | Identified a +2 flail of draining
 28142 | Orc:1    | Identified a +0 giant spiked club
 28146 | Orc:1    | Identified a +0 dagger
 28146 | Orc:1    | Identified a cursed -2 robe
 28147 | Orc:1    | Identified a +0 trident
 28147 | Orc:1    | Identified a +0 plate armour
 28150 | Orc:1    | Identified a +0 giant club
 28197 | Orc:1    | Identified a +0 war axe
 28197 | Orc:1    | Identified a +0 chain mail
 28204 | Orc:1    | Identified a +0 club
 28204 | Orc:1    | Identified a +0 leather armour
 28205 | Orc:1    | Identified a +0 hand axe
 28212 | Orc:1    | Identified a +0 hand axe
 28212 | Orc:1    | Identified a +0 plate armour
 28213 | Orc:1    | Identified a +0 whip
 28217 | Orc:1    | Identified a +0 short sword
 28217 | Orc:1    | Identified a +0 ring mail
 28217 | Orc:1    | Identified a +0 flail
 28272 | Orc:1    | Identified a +0 giant spiked club
 28396 | Orc:1    | Identified a +0 mace
 28398 | Orc:1    | Identified a +0 dagger
 28398 | Orc:1    | Identified a +0 robe
 28399 | Orc:1    | Identified a +0 mace
 28399 | Orc:1    | Identified a +0 plate armour
 28402 | Orc:1    | Identified a +0 troll leather armour
 28577 | Orc:2    | Entered Level 2 of the Orcish Mines
 28580 | Orc:2    | Identified a +0 club
 28580 | Orc:2    | Identified a +0 ring mail
 28580 | Orc:2    | Identified a +0 giant club
 28581 | Orc:2    | Identified a +0 short sword
 28581 | Orc:2    | Identified a +0 leather armour
 28581 | Orc:2    | Identified a +0 flail
 28584 | Orc:2    | Reached skill level 24 in Axes
 28748 | Orc:2    | Identified a +0 great mace
 28748 | Orc:2    | Identified a +0 chain mail
 28748 | Orc:2    | Identified a +0 hand axe
 28748 | Orc:2    | Identified a +0 scimitar
 28748 | Orc:2    | Identified a +1 chain mail of cold resistance
 28749 | Orc:2    | Identified a +0 club
 28749 | Orc:2    | Identified a +0 mace
 28749 | Orc:2    | Identified a +0 chain mail
 28750 | Orc:2    | Identified a cursed -3 dagger
 28750 | Orc:2    | Identified a +0 morningstar
 28800 | Orc:2    | Found Diagosuv's Assorted Antiques.
 28825 | Orc:2    | Found a roughly hewn altar of Beogh.
 28830 | Orc:2    | Found a staircase to the Elven Halls.
 28984 | Orc:2    | Identified a +0 battleaxe
 28984 | Orc:2    | Identified a +0 chain mail
 28984 | Orc:2    | Identified a +0 dagger
 28984 | Orc:2    | Identified a +0 robe
 28985 | Orc:2    | Identified a +0 club
 28985 | Orc:2    | Identified a +0 chain mail
 29023 | Orc:2    | Identified a +0 dagger
 29023 | Orc:2    | Identified a +0 robe
 29023 | Orc:2    | Identified a +0 short sword
 29023 | Orc:2    | Identified a +0 chain mail
 29023 | Orc:2    | Identified a +0 war axe
 29023 | Orc:2    | Identified a +0 dagger
 29024 | Orc:2    | Identified a +1 halberd of protection
 29024 | Orc:2    | Identified a +3 chain mail
 29025 | Orc:2    | Identified a +0 dagger
 29025 | Orc:2    | Identified a +0 robe
 29026 | Orc:2    | Identified a +2 mace of holy wrath
 29026 | Orc:2    | Identified a +0 chain mail
 29030 | Orc:2    | Identified a +0 dagger
 29030 | Orc:2    | Identified a +0 scale mail
 29199 | Orc:2    | Identified a +0 giant spiked club
 29199 | Orc:2    | Identified a +0 giant club
 29294 | Orc:2    | Identified a cursed -1 hand axe
 29294 | Orc:2    | Identified a +0 ring mail
 29294 | Orc:2    | Identified a +0 war axe
 29295 | Orc:2    | Identified a +0 dagger
 29295 | Orc:2    | Identified a +2 robe of cold resistance
 29295 | Orc:2    | Identified a cursed -2 battleaxe
 29295 | Orc:2    | Identified a +0 plate armour
 29296 | Orc:2    | Found Vyckuurgh's General Store.
 29296 | Orc:2    | Identified a +0 dagger
 29296 | Orc:2    | Identified a +0 robe
 29297 | Orc:2    | Identified a +3 long sword
 29297 | Orc:2    | Identified a cursed +0 chain mail
 29297 | Orc:2    | Identified a +0 dagger
 29297 | Orc:2    | Identified a +0 robe of fire resistance
 29297 | Orc:2    | Identified a +0 scimitar
 29297 | Orc:2    | Identified a +0 chain mail
 29297 | Orc:2    | Identified a +0 dagger
 29297 | Orc:2    | Identified a +0 robe
 29297 | Orc:2    | Identified a +0 mace
 29297 | Orc:2    | Identified a +0 chain mail
 29298 | Orc:2    | Identified a +0 halberd
 29298 | Orc:2    | Identified a +0 battleaxe
 29298 | Orc:2    | Identified a +0 plate armour
 29301 | Orc:2    | Identified a +0 scimitar
 29301 | Orc:2    | Identified a +0 leather armour
 29304 | Orc:2    | Reached XP level 16. HP: 146/158 MP: 15/15
 29308 | Orc:2    | Identified a +0 dire flail
 29308 | Orc:2    | Identified a +0 chain mail
 29310 | Orc:2    | Identified a +0 dagger
 29310 | Orc:2    | Identified a +2 robe
 29311 | Orc:2    | Identified a +0 dagger
 29311 | Orc:2    | Identified a +2 robe of cold resistance
 29312 | Orc:2    | Identified a +0 war axe
 29312 | Orc:2    | Identified a +0 chain mail
 29314 | Orc:2    | Identified a +0 bardiche
 29314 | Orc:2    | Identified a +0 plate armour
 29319 | Orc:2    | Identified a +0 great sword
 29319 | Orc:2    | Identified a +0 chain mail
 29321 | Orc:2    | HP: 21/158 [orc high priest/+0 halberd (19)]
 29322 | Orc:2    | HP: 4/158 [orc knight/+0 bardiche (14)]
 29327 | Orc:2    | Identified a +1 vampiric war axe
 29327 | Orc:2    | Identified a +0 ring mail
 29327 | Orc:2    | HP: 33/238 [hellwing[an orc high priest] (1)]
 29329 | Orc:2    | Identified a +0 dagger of draining
 29329 | Orc:2    | Identified a +0 robe
 29329 | Orc:2    | HP: 4/238 [orc knight/+0 bardiche (31)]
 29329 | Orc:2    | Slain by a hellwing

Table legend:
 A = Turns spent in this place as a percentage of turns spent in the entire game.
 B = Non-inter-level travel turns spent in this place as a percentage of non-inter-level travel turns spent in the entire game.
 C = Inter-level travel turns spent in this place as a percentage of turns spent in this place.
 D = Turns resting spent in this place as a percentage of non-inter-level travel turns spent in this place.
 E = Turns spent auto-exploring this place as a percentage of non-inter-level travel turns spent in this place.
 F = Non-inter-level travel turns spent in this place divided by the number of levels of this place that you've seen.
                   A       B       C       D       E      F
               +-------+-------+-------+-------+-------+----------------------
         Total | 100.0 | 100.0 |   3.4 |  33.2 |  48.3 | 1133.5
       Dungeon |  63.2 |  62.9 |   3.7 |  31.2 |  50.3 | 1188.6
          Lair |  29.0 |  29.0 |   3.4 |  38.7 |  45.1 | 1367.8
  Orcish Mines |   4.8 |   4.9 |   0.7 |  30.4 |  53.6 | 699.0
         Sewer |   1.2 |   1.3 |   0.0 |  13.5 |  43.1 | 364.0
      Ice Cave |   1.8 |   1.9 |   0.0 |  34.5 |  21.3 | 539.0
               +-------+-------+-------+-------+-------+----------------------

Table legend:
 A = Kills in this place as a percentage of kills in entire the game.
 B = Kills by you in this place as a percentage of kills by you in the entire game.
 C = Kills by friends in this place as a percentage of kills by friends in the entire game.
 D = Other kills in this place as a percentage of other kills in the entire game.
 E = Experience gained in this place as a percentage of experience gained in the entire game.
 F = Experience gained in this place divided by the number of levels of this place that you have seen.
                   A       B       C       D       E      F
               +-------+-------+-------+-------+-------+----------------------
         Total | 100.0 | 100.0 |   N/A |   N/A | 100.0 | 6247.2
       Dungeon |  61.2 |  61.2 |   N/A |   N/A |  45.0 | 4683.5
          Lair |  26.8 |  26.8 |   N/A |   N/A |  44.8 | 11672.7
  Orcish Mines |   7.8 |   7.8 |   N/A |   N/A |   7.1 | 5539.0
         Sewer |   1.5 |   1.5 |   N/A |   N/A |   0.2 | 258.0
      Ice Cave |   2.7 |   2.7 |   N/A |   N/A |   2.9 | 4556.0
               +-------+-------+-------+-------+-------+----------------------

Skill      XL: |  1  2  3  4  5  6  7  8  9 10 11 12 13 14 15 |
---------------+----------------------------------------------+-----
Axes           | 4 5 6 7 8 9 11 13 15 17 18 20 22 24 | 24.2
Fighting       | 4 5 6 7 8 10 11 13 14 15 17 18 | 18.4
Armour         | 3 7 9 10 | 10.1
Dodging        | |  2.1

Action                   |  1- 3 |  4- 6 |  7- 9 | 10-12 | 13-15 | 16-18 || total
-------------------------+-------+-------+-------+-------+-------+-------++-------
Melee: Hand axe          |    86 |    64 |       |       |       |       ||   150
       Headbutt          |    14 |    16 |    25 |   112 |   216 |    10 ||   393
       War axe           |       |    70 |   196 |    60 |    14 |       ||   340
       Battleaxe         |       |       |       |   504 |   573 |    20 ||  1097
       Executioner's axe |       |       |       |       |   243 |       ||   243
Throw: Dart              |       |       |   107 |   124 |       |       ||   231
       Javelin           |       |       |       |    67 |       |       ||    67
Invok: Berserk           |       |     1 |     2 |     5 |     7 |     1 ||    16
       Brothers in Arms  |       |       |       |     2 |       |       ||     2
       Trog's Hand       |       |       |       |       |     1 |     1 ||     2
  Use: Scroll            |       |     8 |     6 |     9 |     8 |       ||    31
       Potion            |       |       |       |     1 |       |     2 ||     3
  Eat: Chunk             |     2 |    10 |     8 |    27 |    37 |       ||    84
       Ration            |       |       |     1 |     1 |     5 |       ||     7
Armor: Animal skin       |    11 |     4 |       |       |       |       ||    15
       Troll leather arm |       |    30 |    52 |    87 |       |       ||   169
       Chain mail        |       |       |       |   136 |   485 |    33 ||   654
Dodge: Dodged            |    56 |    90 |    97 |   268 |   470 |    23 ||  1004
Block: Other             |       |     5 |    10 |    23 |       |       ||    38
       Reflection        |       |       |     1 |       |       |       ||     1

Vanquished Creatures
  Frances (D:14)
  Agnes (D:15)
  Gastronok (Lair:2)
  Kirke (Lair:5)
  A storm dragon (D:14)
  A reaper (IceCv)
  A dire elephant (Lair:1)
  Josephine (Lair:5)
  3 fire dragons
  Erolcha (D:11)
  6 hydras
  An ice dragon (D:15)
  4 centaur warriors
  Harold (D:10)
  4 two-headed ogres
  A death knight (D:15)
  4 death yaks (Lair:6)
  A deep troll earth mage (D:14)
  Urug (Lair:4)
  An orc high priest (Orc:2)
  Nergalle (Lair:2)
  The ghost of SamuraiZach the Grappler, a novice TrBe of Trog (D:6)
  2 unseen horrors
  2 wolf spider zombies (D:15)
  2 lindwurms
  6 orc knights
  2 deep elf magi
  13 ugly things
  8 cyclopes
  13 elephants
  4 orc sorcerers
  10 black mambas
  2 ice statues (IceCv)
  12 spiny frogs
  A torpor snail (Lair:6)
  Maggie (Lair:2)
  15 rime drakes
  2 molten gargoyles (Lair:6)
  14 komodo dragons
  6 ice devils (IceCv)
  8 trolls
  A polar bear (shapeshifter) (D:15)
  A merfolk (D:13)
  Grinder (D:6)
  10 blink frogs
  11 dream sheep (Lair:5)
  A hippogriff (shapeshifter) (D:14)
  A snapping turtle (Lair:3)
  9 hippogriffs
  3 shadows
  4 wraiths (Lair:5)
  42 yaks
  Eustachio (D:6)
  A redback (Lair:2)
  A yak (shapeshifter) (D:14)
  7 wyverns
  5 hogs (Lair:5)
  3 hungry ghosts
  4 fire bats (D:8)
  9 steam dragons
  8 vampire mosquitoes
  8 basilisks
  Menkaure (D:5)
  6 wargs
  A swamp worm (shapeshifter) (D:14)
  2 acid dragons
  2 soldier ants
  4 hell hounds
  12 porcupines
  12 water moccasins
  Purgy (D:3)
  A meliai simulacrum (D:15)
  35 orc warriors
  10 ice beasts
  4 phantoms
  6 sky beasts
  2 eyes of draining
  14 ogres
  7 wolves (Lair:1)
  21 centaurs
  13 crocodiles
  5 big kobolds
  Blork the orc (D:6)
  27 bullfrogs
  8 scorpions
  4 wights (D:15)
  13 killer bees
  6 howler monkeys
  8 electric eels
  8 crimson imps
  3 bullfrog zombies
  2 centaur zombies
  5 lava snakes (Lair:6)
  5 quasits (D:6)
  5 hounds
  6 jellies
  3 centaur skeletons
  25 orc priests
  25 orc wizards
  2 bullfrog skeletons
  4 iguanas
  6 worker ants
  7 hell rats (Lair:4)
  2 human simulacra (D:10)
  A hound zombie (D:5)
  A hound skeleton (D:4)
  A howler monkey zombie (D:8)
  10 gnolls
  3 worker ant zombies
  Robin (D:3)
  A howler monkey skeleton (D:4)
  13 adders
  4 river rats
  2 shadow imps
  9 white imps (IceCv)
  7 ufetubi (IceCv)
  2 oozes
  2 adder zombies
  2 adder skeletons
  4 worms
  6 dart slugs
  8 leopard geckos
  117 orcs
  3 ball pythons
  12 bats
  9 giant cockroaches
  15 goblins
  12 hobgoblins
  17 jackals
  30 kobolds
  3 quokkas
  4 frilled lizards
  A jackal skeleton (D:4)
  2 leopard gecko skeletons (D:6)
  2 leopard gecko zombies (D:6)
  13 rats
  A bush (D:15)
  4 fungi
948 creatures vanquished.

Vanquished Creatures (others)
  A yak (D:10)
  2 white imps (IceCv)
  3 ufetubi (IceCv)
  An orc (D:10)
  12 fungi
  23 plants
  7 toadstools (Lair:1)
49 creatures vanquished.

Grand Total: 997 creatures vanquished
